 Dungeon Crawl Stone Soup version 0.27.1-3-gb3d3a73c9e (webtiles) character file.

Game seed: 14206624457685498925

141 Mesmaeker13 the Caller (level 4, 0/33 HPs)
             Began as a Demigod Summoner on Oct 5, 2021.
             Slain by a kobold brigand (5 damage)
             ... in a sewer.
             The game lasted 00:06:39 (4479 turns).

Mesmaeker13 the Caller (Demigod Summoner)           Turns: 4479, Time: 00:06:39

Health: 0/33       AC:  3    Str: 19    XL:     4   Next: 73%
Magic:  2/10       EV: 13    Int: 17    God:
Gold:   140        SH:  0    Dex: 14    Spells: 1/7 levels left

rFire    . . .     SeeInvis .   j - +2 whip (elec)
rCold    . . .     Faith    .   (no shield)
rNeg     . . .     Spirit   .   a - +0 robe
rPois    .         Reflect  .   (no helmet)
rElec    .         Harm     .   (no cloak)
rCorr    .         Rampage  .   o - +0 pair of gloves
Will     .....                  (no boots)
Stlth    ++........             (no amulet)
HPRegen  0.11/turn              n - +6 ring of strength
MPRegen  0.12/turn              q - ring of wizardry

@: lethally poisoned (0 -> -2), slowed, very slow
A: high mp 1, forlorn
a: no special abilities


You were in a sewer.
You visited 1 branch of the dungeon, and saw 4 of its levels.
You also visited: Sewer.

You collected 140 gold pieces.

Inventory:

Hand Weapons
 c - a +0 spear
 h - a +2 hunting sling of freezing
 j - a +2 whip of electrocution (weapon)
Missiles
 d - 39 sling bullets
 i - 38 stones (quivered)
Armour
 a - a +0 robe (worn)
 o - a +0 pair of gloves (worn)
Jewellery
 f - a ring of ice
 n - a +6 ring of strength (left hand)
 q - a ring of wizardry (right hand)
Scrolls
 b - a scroll of fog
 g - a scroll of immolation {unknown}
 k - a scroll of fear
 l - a scroll of silence
 m - a scroll of blinking
Potions
 e - a potion of heal wounds
 s - 2 potions of might {unknown}


   Skills:
 + Level 3.3 Dodging
 - Level 1.7 Stealth
 - Level 2.3 Spellcasting
 + Level 4.6 Summonings


You had one spell level left.
You knew the following spells:

 Your Spells              Type           Power      Damage    Failure   Level
a - Summon Small Mammal   Summ           68%        N/A       1%          1
b - Call Imp              Summ           17%        N/A       1%          2
c - Call Canine Familiar  Summ           17%        N/A       3%          3

Your spell library contained the following spells:

 Spells                   Type           Power      Damage    Failure   Level
 Summon Guardian Golem    Hex/Summ       9%         N/A       9%          3
 Slow                     Hex            2%         N/A       12%         2
 Confusing Touch          Hex            2%         N/A       22%         3
 Vampiric Draining        Necr           1%         2d6       22%         3
 Summon Lightning Spire   Summ/Air       9%         N/A       28%         4


Dungeon Overview and Level Annotations

Branches:
Dungeon (4/15)              Sewer (1/1)
 Temple: D:4-7


Innate Abilities, Weirdness & Mutations

Your attributes grow dramatically as you level up.
You have an increased reservoir of magic. (+10% MP)
You shall have no god before yourself.


Message History

You feel much better.
You feel very sick.
Your hound bites the kobold brigand.
Something hits your crimson imp!
Your crimson imp dies!
The kobold brigand closely misses you.
Your hound bites the kobold brigand but does no damage.
Your crimson imp blinks!
Something hits your crimson imp.
Throw: throwing net
Press: ? - help, Q - select action, (/) - cycle Shift-Dir - straight line, f - kobold brigand
Aim: a kobold brigand, wielding a +0 whip and quivering curare-tipped darts (lightly wounded, ally target, 50% to hit)
You throw a throwing net.
The throwing net barely misses the kobold brigand.
You feel very sick.
The kobold brigand hits you with a +0 whip.
The kobold brigand hits you with a +0 short sword!
Your hound misses the kobold brigand.
The kobold hits your hound with a +0 dagger.
Your crimson imp closely misses the kobold brigand.
Your magical contamination has completely faded away.
* * * LOW HITPOINT WARNING * * *
You feel very sick.
Your hound bites the kobold brigand. x2
The kobold brigand completely misses you.
Something misses your crimson imp.
You feel sick.
Your crimson imp disappears in a puff of smoke!
Your hound bites the kobold brigand but does no damage.
Your hound misses the kobold brigand.
Unknown command.
Throw: 39 stones
Press: ? - help, Q - select action, (/) - cycle Shift-Dir - straight line, f/p - kobold brigand
Aim: a kobold brigand, wielding a +0 whip and quivering curare-tipped darts (heavily wounded, ally target, 50% to hit)
You throw a stone.
The stone hits the kobold brigand but does no damage.
The kobold brigand is heavily wounded.
You feel sick. The kobold brigand closely misses you.
Your hound closely misses the kobold brigand.
The kobold brigand hits you with a +0 short sword.
You die...

###### #.?!.#
#.?∩.# #.K.(#
....# ##)'##
###K.§≈#
#KKh≈≈≈#
##@K.≈.≈#
#.......#
#......P#
#......≈#
##....P≈≈#
#.....≈≈≈#≈
##.....≈≈≈≈≈
#.......≈P#≈≈
##......≈≈#≈≈


You could see 3 kobold brigands, a kobold and a friendly hound (summoned).

Vanquished Creatures
  An adder (D:3)
  A worm (D:2)
  5 bats
  3 endoplasms
  2 giant cockroaches
  3 goblins
  A hobgoblin (D:1)
  2 quokkas
  3 ball pythons
  A frilled lizard (D:3)
  2 kobolds (Sewer)
  7 rats
31 creatures vanquished.

Vanquished Creatures (collateral kills)
  An orc priest (D:3)
  An orc wizard (D:3)
  4 gnolls (D:3)
  6 adders
  2 worms (D:2)
  2 orcs (D:3)
  3 endoplasms (D:1)
  4 goblins
  3 hobgoblins (D:1)
  5 kobolds
  A quokka (D:2)
  2 ball pythons
  5 bats
  2 frilled lizards (D:1)
41 creatures vanquished.

Vanquished Creatures (others)
  2 plants (Sewer)
2 creatures vanquished.

Grand Total: 74 creatures vanquished

Notes
Turn   | Place    | Note
-------+----------+-------------------------------------------
     0 | D:1      | Mesmaeker13 the Demigod Summoner began the quest for the
                  | Orb.
     0 | D:1      | Reached XP level 1. HP: 14/14 MP: 5/5
   854 | D:1      | Reached XP level 2. HP: 17/20 MP: 5/7
  1923 | D:2      | Learned a level 2 spell: Call Imp
  2318 | D:2      | Reached skill level 4 in Summonings
  2318 | D:2      | Reached XP level 3. HP: 26/26 MP: 1/9
  2876 | D:3      | Learned a level 3 spell: Call Canine Familiar
  3143 | D:3      | Reached XP level 4. HP: 33/33 MP: 7/10
  4311 | D:4      | Found a glowing drain.
  4315 | Sewer    | Entered a sewer
  4467 | Sewer    | Noticed a kobold brigand
  4467 | Sewer    | Noticed a kobold brigand
  4469 | Sewer    | Noticed a kobold brigand
  4479 | Sewer    | Slain by a kobold brigand

Illustrated notes

Levels and vault maps discovered:
D:1:      dpeg_arrival_oval, layout_loops_corners
D:2:      layout_basic, nrook_mini_vaults
D:3:      layout_loops_ring, dreamdust_ecumenical_altar_angels_and_demons
D:4:      layout_gridville, gup_sewer_entry_spiral, minmay_door_square
Sewer:    kennysheep_pipe_town

Skill      XL: |  1  2  3  4 |
---------------+-------------+-----
Dodging        | 2 3 |  3.3
Spellcasting   | 2 |  2.3
Summonings     | 4 |  4.6
Stealth        | |  1.7

Action                   |  1- 3 |  4- 6 || total
-------------------------+-------+-------++-------
Melee: Unarmed           |    18 |       ||    18
       Dagger            |    25 |       ||    25
       Spear             |    28 |       ||    28
       Hand axe          |     6 |       ||     6
       Whip              |    10 |    52 ||    62
Throw: Stone             |       |     1 ||     1
       Throwing net      |       |     1 ||     1
 Cast: Summon Small Mamm |    39 |       ||    39
       Call Imp          |    22 |    24 ||    46
       Call Canine Famil |     1 |     1 ||     2
  Use: Scroll            |     1 |     4 ||     5
       Potion            |       |     1 ||     1
 Stab: Distracted        |     2 |       ||     2
       Sleeping          |     3 |       ||     3
Armor: Robe              |    16 |    11 ||    27
Dodge: Dodged            |    52 |    36 ||    88
